 Dungeon Crawl Stone Soup version 0.31-a0-1581-g41d5ff3e7b (webtiles) character file.

Game seed: 16855702816726097932

9465 Malachi the Nimble (level 11, -3/108 HPs)
             Began as a Merfolk Shapeshifter on Jan 5, 2024.
             Was an Elder of the Shining One.
             Slain by an 11-headed hydra (7 damage)
             ... on level 9 of the Dungeon.
             The game lasted 00:11:24 (8621 turns).

Malachi the Nimble (Merfolk Shapeshifter)           Turns: 8621, Time: 00:11:24

Health: -3/108     AC: 10    Str: 23    XL:     11   Next: 46%
Magic:  14/14      EV: 15    Int: 11    God:    the Shining One [****..]
Gold:   546        SH:  0    Dex: 13    Spells: 10/10 levels left

rFire   . .          .
                       - Unarmed
rCold   . . .        (shield currently unavailable)
rNeg    + + .        t - melded +0 acid dragon scales
rPois   +            q - melded +2 hat
rElec   .            (cloak currently unavailable)
rCorr   .            w - melded +0 pair of gloves
SInv    .            r - melded +0 pair of boots
Will    .....        v - amulet of regeneration
Stlth   +            j - +4 ring of slaying
HPRegen 1.18/turn    (no ring)
MPRegen 0.14/turn

%: no passive effects
@: snake-form, hasted, glowing, very quick
A: constrict, boosted hp, large, (nimble swimmer 2), (mertail)
a: Begin Untransformation, Renounce Religion, Divine Shield, Cleansing Flame


You were on level 9 of the Dungeon.
You worshipped the Shining One.
The Shining One was greatly pleased with you.
You were an enormous serpent.
You visited 1 branch of the dungeon, and saw 9 of its levels.

You collected 546 gold pieces.

Inventory:

Armour
 q - a +2 hat (melded)
 r - a +0 pair of boots (melded)
 t - +0 acid dragon scales (melded)
 u - a +2 chain mail of willpower
 w - a +0 pair of gloves (melded)
Jewellery
 j - a +4 ring of slaying (left hand)
 k - a ring of flight
 v - an amulet of regeneration (around neck)
 x - a ring of protection from cold
Talismans
 c - a beast talisman
 d - a flux talisman
 s - a serpent talisman (active)
Wands
 g - a wand of polymorph (21)
Scrolls
 e - 5 scrolls of identify
 f - 2 scrolls of teleportation
 i - 2 scrolls of enchant weapon
 o - a scroll of amnesia
 p - 3 scrolls of vulnerability
Potions
 a - 2 potions of curing
 b - a potion of lignification
 h - a potion of mutation
 l - 2 potions of cancellation
 z - a potion of berserk rage {unknown}


   Skills:
 + Level 10.1 Fighting
 + Level 12.2 Dodging
 + Level 10.6 Unarmed Combat
 + Level 4.5 Invocations
 + Level 11.7 Shapeshifting


You had 10 spell levels left.
You didn't know any spells.
Your spell library contained the following spells:

 Spells                   Type           Power      Damage    Failure   Level
 Sandblast                Erth           0%         2d4       34%         1
 Frozen Ramparts          Ice            0%         1d1       71%         3
 Passwall                 Erth           0%         N/A       71%         3
 Stone Arrow              Conj/Erth      0%         3d7       71%         3
 Brom's Barrelling Bould  Conj/Erth      0%         2d3       98%         4
 Leda's Liquefaction      Alch/Erth      0%         N/A       98%         4
 Petrify                  Alch/Erth      0%         N/A       98%         4
 Metabolic Englaciation   Hex/Ice        0%         N/A       100%        5


Dungeon Overview and Level Annotations

Branches:
Dungeon (9/15)             Temple (0/1) D:6            Lair (0/5) D:8
    Orc: D:9-12

Altars:
Cheibriados
Elyvilon
Gozag
Hepliaklqana
Nemelex Xobeh
Okawaru
Qazlal
Uskayaw
Xom
Zin
The Shining One

Annotations:
D:8 1 runed translucent door
D:9 paavali's ghost, journeyman FoFi


Innate Abilities, Weirdness & Mutations

You are an enormous serpent.
You have a powerful constriction melee attack.
Your maximum health is increased.
Your armour is entirely melded.
You are incapable of wielding weapons or throwing items.
((You are very nimble when in or above water. (Stealth+, EV+, Speed+++)))
((Your lower body shifts to a powerful aquatic tail in water.))


Message History

The 11-headed hydra bites you but does no damage.
The 11-headed hydra closely misses you. The 11-headed hydra misses you.
There is a stone staircase leading up, spattered with blood here.
Aiming: Polymorph
Press: ? - help, Shift-Dir - straight line, f - 11-headed hydra
Aim: an 11-headed hydra (haloed, will become a slime creature, a tyrant leech, or a glowing orange brain, chance to affect: 17%)
The 11-headed hydra resists with almost no effort.
The 11-headed hydra bites you!
The 11-headed hydra closely misses you. x2
The 11-headed hydra bites you! x3; The 11-headed hydra bites you.
The 11-headed hydra bites you but does no damage. x2
The 11-headed hydra misses you.
The 11-headed hydra completely misses you.
Aiming: Polymorph
Press: ? - help, Shift-Dir - straight line, f/p - 11-headed hydra
Aim: an 11-headed hydra (haloed, will become a slime creature, a tyrant leech, or a glowing orange brain, chance to affect: 17%)
The 11-headed hydra resists with almost no effort.
The 11-headed hydra bites you.
The 11-headed hydra completely misses you.
The 11-headed hydra bites you but does no damage.
The 11-headed hydra bites you!
The 11-headed hydra bites you but does no damage. x2
The 11-headed hydra barely misses you. The 11-headed hydra closely misses you.
The 11-headed hydra bites you.
* * * LOW HITPOINT WARNING * * *
The 11-headed hydra bites you!
* * * LOW HITPOINT WARNING * * *
The 11-headed hydra completely misses you.
Okay, then.
You feel yourself speed up. The 11-headed hydra bites you.
* * * LOW HITPOINT WARNING * * *
The 11-headed hydra bites you.
* * * LOW HITPOINT WARNING * * *
The 11-headed hydra misses you. The 11-headed hydra bites you!
* * * LOW HITPOINT WARNING * * *
The 11-headed hydra bites you.
* * * LOW HITPOINT WARNING * * *
The 11-headed hydra closely misses you.
The 11-headed hydra bites you but does no damage.
The 11-headed hydra misses you. The 11-headed hydra bites you!
You die...

.#.......†.....>.#
.#.....###.......#
.>.....# #.......#
#......# #.......#
#......# #.......#
#......# #.......#
#......# #.......#
#.###### #(.....D#
#.#### ##.....S# #.#..#
#.####[# ..#..#
#.#..[=######
###..######.#.###.....#
#.......#.#.# #[###.#
##.####.#.#.# #.# #.#
###.# #.#.#.###.###.#
#...# #.#.....#<....#
##.### #.###.#.##.####


You could see a 11-headed hydra.

Vanquished Creatures
  A hydra (D:9)
  Erica (D:9)
  2 two-headed ogres
  Pikel (D:6)
  Jeremiah (D:6)
  Maggie (D:6)
  A rime drake (D:8)
  A polar bear (D:8)
  Sigmund (D:6)
  5 yaks (D:9)
  3 wyverns (D:9)
  3 steam dragons
  4 acid dragons
  2 orc warriors
  3 ice beasts
  A black bear (D:7)
  A sky beast (D:4)
  A centaur (D:6)
  2 wolves (D:8)
  A lemure (D:6)
  4 phantoms
  2 bullfrogs
  4 scorpions
  9 wights
  3 howler monkeys
  A bombardier beetle (D:6)
  2 orc priests
  A hound (D:7)
  2 jellies
  4 iguanas
  10 orc wizards
  Terence (D:3)
  A sleepcap (D:5)
  9 gnolls (D:3)
  6 adders
  A shadow imp (D:5)
  A white imp (D:5)
  2 ufetubi (D:6)
  2 dart slugs
  3 ribbon worms
  40 orcs
  3 endoplasms
  2 giant cockroaches
  29 goblins
  29 hobgoblins
  3 jackals (D:2)
  8 kobolds
  2 quokkas
  11 ball pythons
  4 bats
  2 frilled lizards (D:2)
  A jackal skeleton (D:8)
  6 rats
244 creatures vanquished.

Notes
Turn   | Place    | Note
-------+----------+-------------------------------------------
     0 | D:1      | Malachi the Merfolk Shapeshifter began the quest for the
                  | Orb.
     0 | D:1      | Reached XP level 1. HP: 15/15 MP: 1/1
   331 | D:1      | Reached XP level 2. HP: 21/21 MP: 2/2
   441 | D:1      | Found a faded altar of an unknown god.
   570 | D:1      | Reached skill level 3 in Dodging
   792 | D:1      | Prayed at the altar of an unknown god.
   792 | D:1      | Became a worshipper of the Shining One
   792 | D:1      | Reached * piety under the Shining One
   856 | D:2      | Reached XP level 3. HP: 26/27 MP: 3/3
  1634 | D:3      | Found a sparkling altar of Nemelex Xobeh.
  1970 | D:3      | Reached XP level 4. HP: 22/33 MP: 4/4
  2228 | D:3      | Reached skill level 4 in Dodging
  2273 | D:3      | Reached ** piety under the Shining One
  2284 | D:3      | Reached XP level 5. HP: 29/39 MP: 5/5
  2480 | D:3      | Noticed Terence
  2486 | D:3      | Killed Terence
  2487 | D:3      | Reached skill level 5 in Shapeshifting
  2730 | D:3      | Reached XP level 6. HP: 36/47 MP: 6/6
  3352 | D:4      | Reached skill level 5 in Dodging
  3353 | D:4      | Noticed a sky beast
  3365 | D:4      | Reached skill level 5 in Unarmed Combat
  3370 | D:4      | Reached XP level 7. HP: 26/54 MP: 7/7
  3378 | D:4      | Reached skill level 9 in Dodging
  3378 | D:4      | Reached XP level 8. HP: 14/68 MP: 8/8
  3385 | D:4      | Reached skill level 10 in Dodging
  3997 | D:5      | Entered Level 5 of the Dungeon
  4092 | D:5      | Found an iron altar of Okawaru.
  4103 | D:5      | Found a stormy altar of Qazlal.
  4180 | D:5      | Found a white marble altar of Elyvilon.
  4869 | D:6      | Reached *** piety under the Shining One
  4906 | D:6      | Noticed Maggie
  4919 | D:6      | Killed Maggie
  4920 | D:6      | Reached skill level 10 in Shapeshifting
  4920 | D:6      | Reached XP level 9. HP: 24/75 MP: 9/9
  5080 | D:6      | Noticed a cyclops
  5146 | D:6      | Found a snail-covered altar of Cheibriados.
  5254 | D:6      | Found a staircase to the Ecumenical Temple.
  5261 | D:6      | Noticed Pikel
  5273 | D:6      | Killed Pikel
  5461 | D:6      | Noticed Jeremiah
  5748 | D:6      | Noticed Sigmund
  5752 | D:6      | Killed Sigmund
  5761 | D:6      | Killed Jeremiah
  6082 | D:7      | Found a hide-covered altar of Uskayaw.
  6133 | D:7      | Reached skill level 11 in Dodging
  6133 | D:7      | Reached skill level 1 in Invocations
  6133 | D:7      | Reached XP level 10. HP: 61/83 MP: 10/10
  6315 | D:7      | Found a hazy altar of Hepliaklqana.
  6316 | D:7      | Found a shimmering altar of Xom.
  6317 | D:7      | Noticed a spectral ugly thing
  6562 | D:7      | Found a glowing silver altar of Zin.
  6807 | D:8      | Found an opulent altar of Gozag.
  6820 | D:8      | Found a runed translucent door.
  7030 | D:8      | Found a staircase to the Lair.
  7125 | D:8      | Noticed a two-headed ogre
  7126 | D:8      | Reached **** piety under the Shining One
  7136 | D:8      | Killed a two-headed ogre
  7137 | D:8      | Reached skill level 10 in Unarmed Combat
  8003 | D:9      | Reached XP level 11. HP: 90/90 MP: 13/13
  8028 | D:9      | Noticed a two-headed ogre
  8042 | D:9      | Killed a two-headed ogre
  8112 | D:9      | Noticed Erica
  8116 | D:9      | Reached skill level 12 in Dodging
  8120 | D:9      | Killed Erica
  8121 | D:9      | Reached skill level 10 in Fighting
  8416 | D:9      | Found a runed translucent gate.
  8416 | D:9      | Found a runed translucent gate.
  8416 | D:9      | Found a runed translucent gate.
  8416 | D:9      | Noticed paavali's ghost (journeyman FoFi)
  8416 | D:9      | Noticed a nine-headed hydra
  8416 | D:9      | Noticed an 11-headed hydra
  8557 | D:9      | Killed a nine-headed hydra
  8621 | D:9      | HP: 4/108 [11-headed hydra (2)]
  8621 | D:9      | Slain by an 11-headed hydra

Illustrated notes

Levels and vault maps discovered:
D:1:      minmay_arrival_nine_rooms, layout_loops_ring,
          ebering_ecumenical_altar_box, nicolae_eternal_life
D:2:      layout_basic
D:3:      minmay_goblin_kobold_castle, layout_rooms,
          nemelex_diamond_rough_becter, grunt_ministairs_4, uniq_terence
D:4:      minmay_wonky_spiral, layout_cave_pools
D:5:      layout_loops_ring, marbit_many_paths, amethyst_overflow_temple_binary,
          hellmonk_no_cap
D:6:      layout_cave_pools, slow_altar_1, minmay_temple_entry_wispy,
          lightli_corner_chamber, uniq_jeremiah, uniq_pikel, uniq_sigmund,
          uniq_maggie
D:7:      layout_basic, regret_index_temple_of_mockery,
          mainiacjoe_overflow_alcove_1, zin_treasury
D:8:      layout_basic, amcnicky_altar_gilded, dk_yredelemnul_ordeal,
          hellmonk_lair_entry_icy
D:9:      layout_basic, gammafunk_ghost_hydra_chop, uniq_erica

Skill      XL: |  1  2  3  4  5  6  7  8  9 10 11 |
---------------+----------------------------------+-----
Dodging        | 3 4 5 9 10 11 12 | 12.2
Fighting       | 2 3 4 8 9 10 | 10.1
Unarmed Combat | 4 5 8 9 10 | 10.6
Shapeshifting  | 5 9 10 11 | 11.7
Invocations    | 1 3 4 |  4.5

Action                     |  1- 3 |  4- 6 |  7- 9 | 10-12 || total
---------------------------+-------+-------+-------+-------++-------
  Melee: Unarmed           |    84 |   176 |   157 |   237 ||   654
         Punch             |     3 |     7 |     6 |       ||    16
         Constrict         |       |       |     2 |       ||     2
Ability: Begin Untransform |       |       |     2 |       ||     2
  Evoke: Wand              |       |       |       |     2 ||     2
    Use: Scroll            |       |    11 |     1 |     1 ||    13
         Potion            |       |     1 |     2 |     2 ||     5
   Stab: Sleeping          |     2 |       |       |       ||     2
 Armour: Animal skin       |    34 |     4 |       |       ||    38
         Chain mail        |       |   151 |    62 |       ||   213
         Skin              |       |       |    29 |   134 ||   163
  Dodge: Dodged            |    51 |    78 |    93 |   235 ||   457
   Form: Serpent           |       |       |     2 |     1 ||     3
         Flux              |       |       |     2 |       ||     2

Table legend: (Time is in decaauts)
 A = Elapsed time spent in this place.
 B = Non-inter-level travel time spent in this place.
 C = Inter-level travel time spent in this place.
 D = Time resting spent in this place.
 E = Time spent auto-exploring this place.
 F = Levels seen in this place.
 G = Mean time per level.
                   A        B        C        D        E       F      G
               +--------+--------+--------+--------+--------+-----+--------+
         Total |   8465 |   8257 |    208 |    511 |   6276 |   9 |  940.6 |
       Dungeon |   8465 |   8257 |    208 |    511 |   6276 |   9 |  940.6 |
               +--------+--------+--------+--------+--------+-----+--------+

Top non-repeatable levels by time:
     D:3: 1614 daAuts
     D:8: 1099 daAuts
     D:7: 991 daAuts
     D:6: 913 daAuts
     D:5: 845 daAuts
     D:1: 810 daAuts
     D:2: 772 daAuts
     D:4: 723 daAuts
     D:9: 694 daAuts
